 Dungeon Crawl Stone Soup version 0.19.1 (webtiles) character file.

879 markt42 the Cudgeler (level 8, 0/48 HPs)
             Began as a Gargoyle Fighter on Dec 23, 2016.
             Slain by a hound (2 damage)
             ... on level 5 of the Dungeon.
             The game lasted 00:05:57 (6812 turns).

markt42 the Cudgeler (Gargoyle Fighter)             Turns: 6812, Time: 00:05:58

Health: 0/48       AC: 16    Str: 22      XL:     8   Next: 4%
Magic:  8/8        EV:  6    Int:  9      God:
Gold:   544        SH:  9    Dex:  8 (9)  Spells: 0 memorised, 7 levels left

rFire  . . .     SeeInvis .     a - +0 flail
rCold  . . .     Gourm    .     o - +0 chain mail
rNeg   + . .     Faith    .     c - +0 shield
rPois  ∞         Spirit   .     (no helmet)
rElec  +         Reflect  .     (no cloak)
rCorr  .         Harm     .     C - +0 pair of gloves
MR     .....                    (no boots)
Stlth  ..........               (no amulet)
                                (no ring)
                                (no ring)

@: no status effects
A: negative energy resistance 1, electricity resistance, unbreathing,
petrification resistance, rot immunity, AC +5
a: no special abilities


You were on level 5 of the Dungeon.
You were near starving.

You visited 1 branch of the dungeon, and saw 5 of its levels.
You also visited: Ossuary.

You collected 544 gold pieces.

Inventory:

Hand Weapons
 a - a +0 flail (weapon)
Armour
 c - a +0 shield (worn)
 o - a +0 chain mail (worn)
 C - a +0 pair of gloves (worn)
Wands
 m - a wand of disintegration (13/24)
 u - a wand of enslavement (18/24)
 w - a wand of heal wounds (6/9)
Scrolls
 e - 2 scrolls of amnesia
 f - a scroll of magic mapping {unknown}
 i - 2 scrolls of immolation {unknown}
 k - 2 scrolls of blinking
 l - a scroll of fog {unknown}
 q - 2 scrolls of teleportation {unknown}
 r - 2 scrolls of random uselessness {unknown}
 s - 6 scrolls of identify
 t - 2 scrolls of enchant weapon {unknown}
 v - 2 scrolls of enchant armour {unknown}
 y - a scroll of remove curse
 z - 2 scrolls of recharging {unknown}
Potions
 b - 3 potions of heal wounds {unknown}
 d - 2 potions of might
 h - 2 potions of brilliance
 j - a potion of curing
 p - 3 potions of flight
 A - a potion of invisibility {unknown}
 B - a potion of lignification {unknown}
 D - 2 potions of resistance {unknown}
Books
 E - a book of Geomancy

   Spells                             Type                      Level
   a - Sandblast                      Earth                        1
   b - Passwall                       Transmutation/Earth          2
   c - Stone Arrow                    Conjuration/Earth            3
   d - Petrify                        Transmutation/Earth          4
   e - Lee's Rapid Deconstruction     Earth                        5
Comestibles
 g - 3 slices of pizza
 n - a beef jerky
 x - 5 bread rations


   Skills:
 + Level 4.3 Fighting
 * Level 7.1 Maces & Flails
 + Level 4.8 Armour
 + Level 0.8 Dodging
 + Level 4.8 Shields


You had 7 spell levels left.
You didn't know any spells.

Dungeon Overview and Level Annotations

Branches:
Dungeon (5/15)
 Temple: D:4-7

Altars:
Ashenzari
Dithmenos
Kikubaaqudgha
Sif Muna
Trog
Vehumet
The Shining One


Innate Abilities, Weirdness & Mutations

You are resistant to torment.
Your stone body is resilient. (AC +5)
You are immune to poison.
You resist negative energy. (rN+)
You are resistant to electric shocks. (rElec)
You can survive without breathing.
You are immune to petrification.
You are immune to rotting.


Message History

* * * LOW HITPOINT WARNING * * *
You hit the hound.
The hound is moderately wounded.
The hound bites you but does no damage.
You closely miss the hound.
The hound is moderately wounded.
The hound barely misses you. You block the hound's attack.
You miss the hound.
The hound is moderately wounded.
The hound bites you.
* * * LOW HITPOINT WARNING * * *
The hound bites you.
* * * LOW HITPOINT WARNING * * *
You hit the hound.
The hound is heavily wounded.
You block the hound's attack.
You barely miss the hound.
The hound is heavily wounded.
The hound bites you but does no damage. The hound bites you.
You die...

.. .. ... #.##.
#.##.##.#######.##.
#............)..##.
#..#.....# #.##.##.
#..#)....# #.##.##.
#....o...# #.##.###
##.##o..####.#...##
#h# .## #........ #@#
# #..#...## #.#
#..##.... #.# #
#..###... #.#
#.####..##...# #.#
#..<.........#
####.#######...##...#
#.....####.....######
#........#.###.#
#...#.##.#.# #.######


You could see a hound.

Vanquished Creatures
  An ice beast (D:5)
  A centaur (D:5)
  A scorpion (D:3)
  A howler monkey (D:3)
  A hound (D:5)
  2 orc wizards
  3 orc priests
  A bullfrog skeleton (D:5)
  3 worker ants
  8 mummies (Ossuary)
  Robin (D:3)
  9 gnolls
  5 adders
  An ooze (D:2)
  2 worms (D:2)
  A dart slug (D:3)
  5 leopard geckos
  10 orcs
  A ball python (D:2)
  5 giant cockroaches
  19 goblins
  9 hobgoblins
  2 jackals (D:3)
  2 quokkas
  3 bats
  2 frilled lizards
  2 hobgoblin zombies (Ossuary)
  6 kobolds
  3 kobold zombies (Ossuary)
  3 orc zombies (Ossuary)
  9 rats
122 creatures vanquished.

Vanquished Creatures (others)
  2 orc wizards (D:3)
2 creatures vanquished.

Grand Total: 124 creatures vanquished

Notes
Turn   | Place    | Note
-------+----------+-------------------------------------------
     0 | D:1      | markt42 the Gargoyle Fighter began the quest for the Orb.
     0 | D:1      | Reached XP level 1. HP: 14/14 MP: 1/1
   153 | D:1      | Reached XP level 2. HP: 10/19 MP: 2/2
   870 | D:1      | Reached XP level 3. HP: 20/23 MP: 3/3
  1400 | D:2      | Reached skill level 3 in Maces & Flails
  1803 | D:2      | Found a faded altar of an unknown god.
  1803 | D:2      | Found a faded altar of an unknown god.
  1808 | D:2      | Found a glowing golden altar of the Shining One.
  1810 | D:2      | Found a faded altar of an unknown god.
  1812 | D:2      | Found a faded altar of an unknown god.
  1863 | D:2      | Reached XP level 4. HP: 28/28 MP: 4/4
  2058 | D:2      | Found a radiant altar of Vehumet.
  2545 | D:3      | Reached skill level 4 in Maces & Flails
  2559 | D:3      | Reached XP level 5. HP: 31/33 MP: 5/5
  2698 | D:3      | Found a shadowy altar of Dithmenos.
  2988 | D:3      | Noticed Robin
  3031 | D:3      | Killed Robin
  3031 | D:3      | Reached XP level 6. HP: 15/38 MP: 6/6
  3033 | D:3      | Reached skill level 5 in Maces & Flails
  3489 | D:3      | Found a deep blue altar of Sif Muna.
  3686 | D:3      | Found a bloodstained altar of Trog.
  3894 | D:4      | Found a sand-covered staircase.
  3910 | Ossuary  | Entered an ossuary
  5250 | Ossuary  | Reached XP level 7. HP: 37/43 MP: 7/7
  5679 | D:4      | Reached skill level 6 in Maces & Flails
  5686 | D:4      | Found a shattered altar of Ashenzari.
  5968 | D:4      | Found an ancient bone altar of Kikubaaqudgha.
  6109 | D:5      | Entered Level 5 of the Dungeon
  6792 | D:5      | Reached skill level 7 in Maces & Flails
  6792 | D:5      | Reached XP level 8. HP: 11/48 MP: 8/8
  6810 | D:5      | HP: 2/48 [hound (4)]
  6812 | D:5      | Slain by a hound

Skill      XL: |  1  2  3  4  5  6  7 |
---------------+----------------------+-----
Maces & Flails | 3 4 5 7 |  7.1
Shields        | 4 |  4.8
Armour         | 4 |  4.8
Fighting       | 4 |  4.3
Dodging        | |  0.8

Action                   |  1- 3 |  4- 6 |  7- 9 || total
-------------------------+-------+-------+-------++-------
Melee: Flail             |   120 |   284 |   228 ||   632
  Use: Scroll            |     5 |       |       ||     5
       Potion            |       |     5 |       ||     5
  Eat: Chunk             |     3 |     2 |     4 ||     9
       Bread ration      |       |     1 |       ||     1
       Meat ration       |       |     1 |       ||     1
Armor: Scale mail        |    26 |       |       ||    26
       Chain mail        |    40 |   186 |   143 ||   369
Dodge: Dodged            |    27 |    69 |    48 ||   144
Block: Shield            |    68 |   161 |   100 ||   329
